Construct Infanterie Kompanie
Selects Mechanized Battlegroup
Construct Panzergrenadier Kompanie
Infanterie Officer Quarters
Panzergrenadier Officer Quarters
Selects Mobile Repair Stations
Selects Stoßtruppen Assault Package
Nebelwerfer 42 Rocket Launcher Team
Construct Panzer Kompanie
Selects Zeroing Artillery Barrage
Zeroing Artillery Barrage
Selects StuG Assault Group
Selects UNKNOWN (2160084)
Zeroing Artillery Barrage